 Dungeon Crawl Stone Soup version 0.21-a0-142-gdd972a7 (webtiles) character file.

252 AverageBear the Cutter (level 5, -1/31 HPs)
             Began as a Deep Elf Fighter on July 23, 2017.
             Was an Initiate of Ashenzari.
             Slain by an ogre
             ... wielding a +0 giant club
              (21 damage)
             ... on level 4 of the Dungeon.
             The game lasted 00:03:10 (3712 turns).

AverageBear the Cutter (Deep Elf Fighter)           Turns: 3712, Time: 00:03:11

Health: -1/31      AC:  7    Str: 24    XL:     5   Next: 89%
Magic:  7/7        EV:  7    Int: 13    God:    Ashenzari [......]
Gold:   152        SH:  9    Dex: 16    Spells: 4/4 levels left

rFire    . . .     SeeInvis .   a - +0 rapier
rCold    . . .     Gourm    .   c - +0 shield
rNeg     . . .     Faith    .   b - +0 scale mail
rPois    .         Spirit   .   (no helmet)
rElec    .         Reflect  .   (no cloak)
rCorr    .         Harm     .   (no gloves)
MR       .....                  (no boots)
Stlth    ..........             (no amulet)
HPRegen  0.10/turn              p - +5 ring of strength
MPRegen  0.10/turn              (no ring)

@: mighty, hasted, very quick
A: agile 1, shaggy fur 1
a: Curse Item, Renounce Religion


You were on level 4 of the Dungeon.
You worshipped Ashenzari.
Ashenzari was noncommittal.
You were very hungry.

You visited 1 branch of the dungeon, and saw 4 of its levels.

You collected 152 gold pieces.

Inventory:

Hand Weapons
 a - a +0 rapier (weapon)
Armour
 b - a +0 scale mail (worn)
 c - a +0 shield (worn)
Jewellery
 p - a +5 ring of strength (left hand)
Scrolls
 d - a scroll of identify
 i - a scroll of teleportation
 o - 2 scrolls of remove curse
Potions
 g - 2 potions of agility
 h - a potion of magic
 j - 2 potions of degeneration
 l - a potion of might
 m - a potion of curing
 q - a potion of heal wounds
 s - a potion of cancellation {unknown}
Books
 e - a book of Misfortune

   Spells                             Type                      Level
   a - Confusing Touch                Hexes                        1
   b - Confuse                        Hexes                        3
   c - Gell's Gravitas                Translocation                3
   d - Petrify                        Transmutation/Earth          4
   e - Metabolic Englaciation         Hexes/Ice                    5
   f - Yara's Violent Unravelling     Hexes/Transmutation          5
Comestibles
 f - 6 bread rations
 k - 2 royal jellies
 n - a meat ration


   Skills:
 - Level 2.4 Fighting
 + Level 6.2 Short Blades
 - Level 2.4 Armour
 - Level 2.4 Shields


You had 4 spell levels left.
You didn't know any spells.

Dungeon Overview and Level Annotations

Branches:
Dungeon (4/15)
 Temple: D:4-7

Altars:
Ashenzari
Cheibriados
Dithmenos
Hepliaklqana
Nemelex Xobeh
Ru
Uskayaw
Vehumet
Xom


Innate Abilities, Weirdness & Mutations

You are agile. (Dex +2)
You are covered in fur. (AC +1)


Message History

Found a stone staircase leading down.
You block the centaur skeleton's attack.
You hit the centaur skeleton.
The centaur skeleton is moderately damaged.
The centaur skeleton hits you.
You hit the centaur skeleton.
The centaur skeleton is heavily damaged.
You block the centaur skeleton's attack.
You feel very mighty all of a sudden. The centaur skeleton hits you.
You puncture the centaur skeleton!
The centaur skeleton is almost destroyed.
You block the centaur skeleton's attack.
You puncture the centaur skeleton!
You destroy the centaur skeleton!
You puncture the ogre!
The ogre is heavily wounded.
The ogre hits you with a giant club!!
Ouch! That really hurt!
You die...

........ ### #####+## ... ..
..........># .. .........#.#
.. ........$#.# #.
.........#.# .........#.#
..# .........#.# #+..# #.
..........#@# #....#
#.##..## #.O#O# #....#
##..#... #..#.# +....#
.......# #..#.###....# #
.......# #...........#.#.
.......# #..#............
.......##+#+##.####....##.##
####...............+........
...............####.......##


You could see an ogre.

Vanquished Creatures
  2 centaur skeletons (D:4)
  Natasha (D:2)
  3 worker ants
  The ghost of AverageBear the Cutter, a weakling DEFi (D:3)
  2 adders
  An ooze (D:2)
  2 worms (D:2)
  A dart slug (D:1)
  4 leopard geckos
  5 bats
  6 giant cockroaches
  6 hobgoblins
  A quokka (D:2)
  A ball python (D:1)
  2 frilled lizards
  7 goblins
  13 kobolds
  3 rats
61 creatures vanquished.

Notes
Turn   | Place    | Note
-------+----------+-------------------------------------------
     0 | D:1      | AverageBear the Deep Elf Fighter began the quest for the Orb.
     0 | D:1      | Reached XP level 1. HP: 13/13 MP: 3/3
   329 | D:1      | Reached XP level 2. HP: 15/18 MP: 4/4
   394 | D:1      | Reached skill level 3 in Short Blades
   914 | D:2      | Reached XP level 3. HP: 13/22 MP: 5/5
  1329 | D:2      | Noticed Natasha
  1338 | D:2      | Killed Natasha
  1338 | D:2      | Reached skill level 4 in Short Blades
  1338 | D:2      | Reached XP level 4. HP: 10/27 MP: 6/6
  1719 | D:2      | Found a sacrificial altar of Ru.
  1723 | D:2      | Found a shimmering altar of Xom.
  1723 | D:2      | Found a sparkling altar of Nemelex Xobeh.
  2085 | D:3      | Found a shadowy altar of Dithmenos.
  2204 | D:3      | Noticed AverageBear's ghost (weakling DEFi)
  2209 | D:3      | Gained mutation: You are somewhat resistant to further mutation. [potion of mutation]
  2209 | D:3      | Gained mutation: Your flesh is heat resistant. (rF+) [potion of mutation]
  2220 | D:3      | Killed AverageBear's ghost
  2476 | D:3      | Found a hazy altar of Hepliaklqana.
  2476 | D:3      | Found a hide-covered altar of Uskayaw.
  2701 | D:3      | Found a snail-covered altar of Cheibriados.
  2742 | D:3      | Found a radiant altar of Vehumet.
  2745 | D:3      | Lost mutation: Your flesh is heat resistant. (rF+) [potion of mutation]
  2745 | D:3      | Lost mutation: You are somewhat resistant to further mutation. [potion of mutation]
  2745 | D:3      | Gained mutation: You are agile. (Dex +2) [potion of mutation]
  2745 | D:3      | Gained mutation: You are weak. (Str -2) [potion of mutation]
  2745 | D:3      | Lost mutation: You are weak. (Str -2) [potion of mutation]
  2745 | D:3      | Gained mutation: You are covered in fur. (AC +1) [potion of mutation]
  2794 | D:3      | Reached skill level 5 in Short Blades
  2939 | D:3      | Reached XP level 5. HP: 29/31 MP: 7/7
  3594 | D:4      | Found a shattered altar of Ashenzari.
  3621 | D:4      | Became a worshipper of Ashenzari the Shackled
  3642 | D:4      | Reached skill level 6 in Short Blades
  3694 | D:4      | Noticed an ogre
  3712 | D:4      | Slain by an ogre

Vault maps used:
D:1:      wheals_arrival_shading, minmay_misc_feat_cross
D:2:      grunt_temple_overflow_open, uniq_natasha
D:3:      nicolae_overflow_quartered_altars, first_bread,
          grunt_dithmenos_smoke_and_mirrors
D:4:      lemuel_doored_altar, saegor_snake_ambush

Skill      XL: |  1  2  3  4  5 |
---------------+----------------+-----
Short Blades   | 3 4 5 6 |  6.2
Fighting       | |  2.4
Armour         | |  2.4
Shields        | |  2.4

Action                   |  1- 3 |  4- 6 || total
-------------------------+-------+-------++-------
Melee: Rapier            |   134 |   152 ||   286
  Use: Scroll            |       |     8 ||     8
       Potion            |       |     7 ||     7
  Eat: Chunk             |     1 |     7 ||     8
Armor: Scale mail        |    52 |    48 ||   100
Dodge: Dodged            |    27 |    37 ||    64
Block: Shield            |    64 |    60 ||   124
